 Dungeon Crawl Stone Soup version 0.20.1-1-g8b1a95d (webtiles) character file.

114058 gobwax the Phalangite (level 16, -2/114 HPs)
             Began as a Merfolk Skald on Sept 8, 2017.
             Was the Champion of Okawaru.
             Shot with a bolt by a naga sharpshooter (23 damage)
             ... on level 1 of the Snake Pit.
             The game lasted 01:16:16 (27359 turns).

gobwax the Phalangite (Merfolk Skald)              Turns: 27359, Time: 01:16:16

Health: -2/114     AC: 15    Str: 18    XL:     16   Next: 64%
Magic:  23/27      EV: 22    Int: 19    God:    Okawaru [******]
Gold:   1834       SH:  3    Dex: 17    Spells: 11/29 levels left

rFire    . . .     SeeInvis .   l - +11 bardiche of Damnac {distort, rN+ Str+4}
rCold    . . .     Gourm    .   (shield currently unavailable)
rNeg     + . .     Faith    .   T - +4 troll leather armour
rPois    +         Spirit   .   (no helmet)
rElec    .         Reflect  +   (no cloak)
rCorr    .         Harm     .   o - +1 pair of gloves {Str+3}
MR       +++..                  e - +2 pair of boots {Stlth+}
Stlth    +++.......             M - +3 amulet of reflection
Regen    0.7/turn               y - +3 ring of slaying
MPRegen  0.2/turn               V - ring of the Mage {Wiz MR++ Int+3}

@: lethally poisoned (-2 -> -2), infused, singing
A: change form in water, swift swim, stealthy swim, icy blue scales 1, frail 1,
poison resistance
a: Heroism, Finesse, Renounce Religion


You were on level 1 of the Snake Pit.
You worshipped Okawaru.
Okawaru was exalted by your worship.
You were full.

You visited 4 branches of the dungeon, and saw 23 of its levels.
You also visited: Sewer, Ossuary, Bailey and Ice Cave.

You collected 2791 gold pieces.
You spent 957 gold pieces at shops.

Inventory:

Hand Weapons
 a - a +5 glaive of protection
 l - the +11 bardiche of Damnac (weapon) {distort, rN+ Str+4}
   (Okawaru gifted it to you on level 12 of the Dungeon)

   It warps and distorts space around it.
   Unwielding it can cause banishment or high damage.
   It affects your strength (+4).
   It protects you from negative energy.
Armour
 e - a +2 pair of boots of stealth (worn)
 o - a +1 pair of gloves of strength (worn)
 T - a +4 troll leather armour (worn)
 W - a +2 pair of gloves
 Y - a +0 pair of gloves of dexterity
Jewellery
 b - an uncursed amulet of regeneration
 f - a +5 ring of intelligence
 y - a +3 ring of slaying (left hand)
 M - a +3 amulet of reflection (around neck)
 U - an uncursed ring of poison resistance
 V - the ring of the Mage (right hand) {Wiz MR++ Int+3}
   (You found it in an ice cave)

   [ring of wizardry]

   It improves your spell success rate.
   It affects your intelligence (+3).
   It affects your resistance to hostile enchantments.
Wands
 k - a wand of scattershot (7/9)
 m - a wand of flame (21/48)
 E - a wand of scattershot (7/9)
 O - a wand of paralysis (9/24)
Scrolls
 c - a scroll of fog
 i - 5 scrolls of enchant weapon
 n - 6 scrolls of teleportation
 s - 6 scrolls of remove curse
 t - a scroll of enchant armour
 D - 3 scrolls of magic mapping
 H - a scroll of silence
 N - 3 scrolls of amnesia
 R - a scroll of blinking
 S - 8 scrolls of identify
Potions
 g - 20 potions of curing
 h - 6 potions of might
 j - a potion of degeneration {unknown}
 p - 2 potions of invisibility {unknown}
 r - 2 potions of flight
 v - 2 potions of brilliance
 w - 3 potions of resistance
 z - 5 potions of heal wounds
 A - 6 potions of magic {unknown}
 B - 2 potions of haste {unknown}
 I - 4 potions of ambrosia
 L - a potion of cancellation {unknown}
 P - a potion of berserk rage {unknown}
 Q - 2 potions of mutation {unknown}
 Z - 2 potions of agility {unknown}
Books
 X - a book of Frost

   Spells                             Type                      Level
   a - Freeze                         Ice                          1
   b - Throw Frost                    Conjuration/Ice              2
   c - Ozocubu's Armour               Charms/Ice                   3
   d - Throw Icicle                   Conjuration/Ice              4
   e - Summon Ice Beast               Ice/Summoning                4
Miscellaneous
 x - a fan of gales
Comestibles
 d - 8 bread rations
 F - 29 fruits
 J - 5 royal jellies
 K - 6 meat rations


   Skills:
 + Level 11.7 Fighting
 - Level 26.3 Polearms
 + Level 2.8 Armour
 - Level 13.7 Dodging
 - Level 0.8 Stealth
 + Level 7.4 Spellcasting
 - Level 2.8 Hexes
 + Level 9.5 Charms
 - Level 0.2 Necromancy
 + Level 1.3 Ice Magic


You had 11 spell levels left.
You knew the following spells:

 Your Spells              Type           Power        Failure   Level  Hunger
a - Infusion              Chrm           ####         1%          1    None
b - Song of Slaying       Chrm           #####...     1%          2    None
c - Regeneration          Chrm/Necr      ####......   1%          3    #......
d - Blink                 Tloc           N/A          7%          2    None
e - Spectral Weapon       Hex/Chrm       ####....     1%          3    #......
f - Shroud of Golubria    Chrm/Tloc      ####......   1%          2    None
g - Corpse Rot            Necr           N/A          6%          2    None
h - Ozocubu's Armour      Chrm/Ice       ####....     1%          3    #......


Dungeon Overview and Level Annotations

Branches:
Dungeon (14/15)            Temple (0/1) D:4            Lair (6/6) D:8
  Swamp (0/4) Lair:4        Snake (1/4) Lair:2        Slime (0/5) Lair:5
    Orc (2/2) D:9             Elf (0/3) Orc:2        Vaults (0/5) D:14

Altars:
Dithmenos
Elyvilon
Fedhas
Gozag
Hepliaklqana
Okawaru
Ru
Uskayaw
Vehumet
Yredelemnul
Beogh

Shops:
Orc:2 }!?*?

Portals:
Trove: D:12 (give +5 demon blade)

Annotations:
D:6 gobwax's ghost, novice MfSk
D:10 Sonja
Lair:4 exclusion: oklob plant
Snake:1 Donald


Innate Abilities, Weirdness & Mutations

You revert to your normal form in water.
You are very nimble and swift while swimming.
You are very stealthy in the water. (Stealth+)
You are partially covered in icy blue scales. (AC +2)
You are frail. (-10% HP)
Your system is resistant to poisons. (rPois)


Message History

The naga sharpshooter wields an uncursed arbalest.
The naga sharpshooter mumbles some strange words.
The naga sharpshooter magically shoots a bolt.
The bolt hits you!
You see here 2 bolts.
You feel sick.
The naga sharpshooter shoots a bolt.
The bolt barely misses you.
You see here a bolt.
You see here 2 bolts.
You feel sick.
The naga sharpshooter shoots a bolt.
The bolt completely misses you.
Your skin stops crawling.
The naga sharpshooter casts a spell.
The naga sharpshooter magically shoots a bolt.
The bolt hits you!!
* * * LOW HITPOINT WARNING * * *
You see here 2 bolts.
The naga sharpshooter spits poison at you.
The splash of poison misses you.
You feel sick.
The naga sharpshooter shoots a bolt.
The bolt hits you!!
You die... #. #. #. #. #. #. #.##########.# #.((.(.@.N...# ##############

You could see a naga sharpshooter.

Vanquished Creatures
  Kirke (Lair:5)
  A frost giant (IceCv)
  2 dire elephants (Lair:6)
  The ghost of Agrougrou the Martial Artist, a journeyman OpTm of Uskayaw (D:12)
  Harold (D:12)
  4 centaur warriors
  2 anacondas
  3 hydras
  13 two-headed ogres
  A death yak (IceCv)
  4 ogre magi (Orc:2)
  An unseen horror (D:13)
  A deep elf archer (D:14)
  Pikel (D:5)
  3 orc knights
  5 ugly things
  2 deep elf magi (D:14)
  2 orc sorcerers
  A manticore (D:13)
  An ice statue (IceCv)
  A cyclops (Orc:2)
  17 elephants
  2 black mambas
  A guardian serpent (Snake:1)
  11 spiny frogs
  A gargoyle (D:14)
  3 yaktaurs (D:14)
  2 rime drakes
  A freezing wraith (D:11)
  9 komodo dragons
  15 polar bears (IceCv)
  8 trolls
  Prince Ribbit (D:7)
  2 hornets
  The ghost of gobwax the Spear-Bearer, an amateur MfSk (Ossuary)
  8 blink frogs
  3 slime creatures (D:12)
  10 hippogriffs
  3 wyverns
  53 yaks
  A basilisk (D:8)
  17 vampire mosquitoes
  A hungry ghost (D:11)
  2 wargs
  An acid dragon (D:12)
  2 insubstantial wisps (Lair:5)
  A naga (Lair:2)
  A soldier ant (D:12)
  11 water moccasins
  12 porcupines
  10 ice beasts
  2 phantoms
  3 sky beasts
  16 orc warriors
  A hornet zombie (D:14)
  23 wolves
  5 necrophages
  28 ogres
  15 centaurs
  15 crocodiles
  14 bullfrogs
  An elf zombie (Ossuary)
  3 big kobolds
  5 scorpions
  9 killer bees
  13 wights
  3 howler monkeys
  5 centaur zombies
  A bullfrog zombie (D:12)
  2 crimson imps
  2 quasits
  18 orc priests
  3 hounds
  4 human zombies (Ossuary)
  3 centaur skeletons
  7 jellies
  A bullfrog skeleton (D:8)
  11 iguanas
  Ijyb (D:4)
  23 orc wizards
  14 worker ants
  A killer bee zombie (D:8)
  2 big kobold zombies (Ossuary)
  2 hound zombies (Ossuary)
  5 mummies
  2 worker ant zombies
  25 gnolls
  20 adders
  2 river rats (Sewer)
  3 shadow imps
  7 oozes
  5 adder zombies
  3 worms
  4 dart slugs
  2 leopard geckos
  70 orcs
  11 ball pythons
  8 bats
  9 giant cockroaches
  7 goblins
  17 hobgoblins
  14 jackals
  27 kobolds
  3 quokkas
  10 frilled lizards
  2 gnoll zombies (Ossuary)
  4 goblin zombies (Ossuary)
  2 hobgoblin zombies (Ossuary)
  4 jackal zombies
  4 kobold zombies (Ossuary)
  2 orc zombies (Ossuary)
  A quokka skeleton (D:5)
  5 quokka zombies
  33 rats
  2 rat zombies (Ossuary)
  A plant (Lair:6)
831 creatures vanquished.

Vanquished Creatures (collateral kills)
  A bullfrog (D:7)
1 creature vanquished.

Vanquished Creatures (others)
  A dire elephant (Lair:6)
  A hydra (Lair:3)
  A centaur warrior (D:14)
  An ogre mage (D:14)
  A two-headed ogre (D:14)
  An ugly thing (D:14)
  A cyclops (D:12)
  A centaur zombie (D:12)
  4 elephants
  A yaktaur (D:14)
  A komodo dragon (Lair:3)
  A troll (Orc:2)
  A slime creature (D:12)
  3 yaks
  3 humans (Lair:5)
  A basilisk (Lair:6)
  A vampire mosquito (Lair:4)
  A hungry ghost (D:13)
  2 wargs
  2 slaves (D:5)
  4 wolves
  3 ogres
  A crocodile (Lair:5)
  A jelly (D:5)
  An iguana (Lair:3)
  2 adders (D:5)
  5 orcs (D:5)
  A giant cockroach (D:5)
  A bush (D:8)
  7 fungi
  13 plants
  10 spectral weapons
78 creatures vanquished.

Grand Total: 910 creatures vanquished

Notes
Turn   | Place    | Note
-------+----------+-------------------------------------------
     0 | D:1      | gobwax the Merfolk Skald began the quest for the Orb.
     0 | D:1      | Reached XP level 1. HP: 16/16 MP: 3/3
    49 | D:1      | Reached XP level 2. HP: 3/22 MP: 0/5
   614 | D:1      | Reached skill level 4 in Polearms
   614 | D:1      | Reached XP level 3. HP: 17/28 MP: 6/6
  1429 | D:2      | Found an iron altar of Okawaru.
  1439 | D:2      | Reached skill level 1 in Armour
  1441 | D:2      | Became a worshipper of Warmaster Okawaru
  1779 | D:2      | Reached XP level 4. HP: 34/34 MP: 4/7
  2088 | D:3      | Noticed a centaur
  2096 | D:3      | Reached skill level 15 in Polearms
  2096 | D:3      | Reached XP level 5. HP: 20/39 MP: 3/8
  2103 | D:3      | HP: 1/39 [centaur (9)]
  2104 | D:3      | Killed a centaur
  2104 | D:3      | Reached XP level 6. HP: 2/46 MP: 1/9
  2105 | D:3      | Reached XP level 7. HP: 2/51 MP: 1/10
  2473 | D:3      | Found a faded altar of an unknown god.
  2642 | D:3      | Found a hide-covered altar of Uskayaw.
  2834 | D:4      | Found a sand-covered staircase.
  2846 | Ossuary  | Entered an ossuary
  2854 | Ossuary  | Noticed gobwax's ghost (amateur MfSk)
  2870 | Ossuary  | Killed gobwax's ghost
  2911 | Ossuary  | Reached * piety under Okawaru
  3268 | Ossuary  | Learned a level 2 spell: Song of Slaying
  3325 | Ossuary  | Reached XP level 8. HP: 40/57 MP: 1/12
  3372 | Ossuary  | Reached skill level 16 in Polearms
  3848 | D:4      | Found a blossoming altar of Fedhas.
  4154 | D:4      | Noticed Ijyb
  4172 | D:4      | Killed Ijyb
  4416 | D:4      | Found a basalt altar of Yredelemnul.
  4463 | D:4      | Reached ** piety under Okawaru
  4601 | D:4      | Found a staircase to the Ecumenical Temple.
  4893 | D:4      | Learned a level 3 spell: Regeneration
  4912 | D:5      | Entered Level 5 of the Dungeon
  4930 | D:5      | Found a hazy altar of Hepliaklqana.
  4932 | D:5      | Noticed Pikel
  4956 | D:5      | Killed Pikel
  4956 | D:5      | Reached skill level 5 in Charms
  4956 | D:5      | Reached XP level 9. HP: 20/63 MP: 0/15
  5475 | D:5      | Found a glowing drain.
  5491 | Sewer    | Entered a sewer
  5634 | Sewer    | Got an encrusted rapier
  5820 | D:5      | Found an opulent altar of Gozag.
  5916 | D:5      | Gained mutation: Your system is resistant to poisons. (rPois) [mutagenic meat]
  5917 | D:5      | Gained mutation: You are frail. (-10% HP) [mutagenic meat]
  5918 | D:5      | Gained mutation: You are partially covered in icy blue scales. (AC +2) [mutagenic meat]
  6248 | D:5      | Found a radiant altar of Vehumet.
  6248 | D:5      | Found a shadowy altar of Dithmenos.
  6342 | D:5      | Learned a level 2 spell: Blink
  6994 | D:6      | Reached *** piety under Okawaru
  7143 | D:6      | Noticed gobwax's ghost (novice MfSk)
  7770 | D:7      | Noticed Prince Ribbit
  7789 | D:7      | Killed Prince Ribbit
  7794 | D:7      | Got an ebony long sword
  7813 | D:7      | Identified the +12 long sword of the Common Good {slice, rN+} (You found it on level 7 of the Dungeon)
  7814 | D:7      | Identified the cursed +0 rapier of Seeth {protect, rF+ Dex+5} (You found it in a sewer)
  8610 | D:8      | Found a sacrificial altar of Ru.
  8672 | D:8      | Reached XP level 10. HP: 48/63 MP: 9/16
  8802 | D:8      | Learned a level 3 spell: Spectral Weapon
  9342 | D:8      | Reached **** piety under Okawaru
  9351 | D:8      | Reached skill level 5 in Spellcasting
  9605 | D:8      | Reached skill level 5 in Fighting
  9610 | D:8      | Found a staircase to the Lair.
 10102 | D:8      | Found a blossoming altar of Fedhas.
 10578 | D:9      | Reached ***** piety under Okawaru
 10605 | D:9      | Found a staircase to the Orcish Mines.
 10647 | D:9      | Reached skill level 1 in Hexes
 10658 | D:9      | Reached XP level 11. HP: 49/72 MP: 4/19
 10892 | D:9      | Received a gift from Okawaru
 10893 | D:9      | Got a faintly glowing fustibalus {god gift}
 10903 | D:9      | Found a white marble altar of Elyvilon.
 12028 | D:10     | Entered Level 10 of the Dungeon
 12171 | D:10     | Noticed Sonja
 12606 | D:10     | Learned a level 2 spell: Shroud of Golubria
 12754 | D:11     | Found a frozen archway.
 12837 | IceCv    | Entered an ice cave
 13264 | IceCv    | Received a gift from Okawaru
 14093 | IceCv    | Identified Heosiwk's Incunabulum of Ashen Transformation
 14132 | IceCv    | Reached XP level 12. HP: 70/82 MP: 17/20
 14138 | IceCv    | Reached skill level 17 in Polearms
 14161 | IceCv    | Received a gift from Okawaru
 14174 | IceCv    | Got a tiger eye-encrusted chain mail {god gift}
 14185 | IceCv    | Identified the +0 chain mail of Puacsewn {Dex+2} (Okawaru gifted it to you in an ice cave)
 14320 | IceCv    | Got a fabulously ornate robe
 14331 | IceCv    | Identified the cursed +1 robe of Inaction {rC+ MR++} (You found it in an ice cave)
 14408 | IceCv    | Reached skill level 18 in Polearms
 14545 | IceCv    | Noticed a death yak
 14545 | IceCv    | Noticed a frost giant
 14924 | IceCv    | Killed a frost giant
 14924 | IceCv    | Reached skill level 19 in Polearms
 15174 | IceCv    | Killed a death yak
 15199 | IceCv    | Identified the Tome of the Well-Known Queens
 16747 | D:11     | Reached skill level 20 in Polearms
 16934 | D:12     | Received a gift from Okawaru
 16946 | D:12     | Got a slimy bardiche {god gift}
 16947 | D:12     | Identified the +11 bardiche of Damnac {distort, rN+ Str+4} (Okawaru gifted it to you on level 12 of the Dungeon)
 17037 | D:12     | Noticed Harold
 17070 | D:12     | Killed Harold
 17070 | D:12     | Reached XP level 13. HP: 51/88 MP: 14/21
 17333 | D:12     | Reached ****** piety under Okawaru
 17749 | D:12     | Noticed Agrougrou's ghost (journeyman OpTm)
 17758 | D:12     | Killed Agrougrou's ghost
 17758 | D:12     | Reached skill level 21 in Polearms
 18176 | D:12     | Found a portal to a secret trove of treasure.
 18513 | D:13     | Received a gift from Okawaru
 18723 | D:13     | Reached skill level 22 in Polearms
 19300 | D:14     | Found a gate to the Vaults.
 19375 | D:14     | Received a gift from Okawaru
 19375 | D:14     | Reached skill level 23 in Polearms
 19422 | D:14     | Reached XP level 14. HP: 56/93 MP: 17/22
 19559 | D:14     | Found a flagged portal.
 19597 | Bailey   | Entered a bailey
 19761 | Bailey   | Reached skill level 10 in Fighting
 19761 | Bailey   | Reached XP level 15. HP: 103/103 MP: 10/23
 19916 | D:14     | Learned a level 2 spell: Corpse Rot
 20094 | D:14     | Reached skill level 24 in Polearms
 20200 | Lair:1   | Entered Level 1 of the Lair of Beasts
 21136 | Lair:2   | Found a staircase to the Snake Pit.
 21987 | Lair:3   | Got a crude scale mail
 21998 | Lair:3   | Identified the +4 scale mail of the Prince of Darkness {rF- rN+ rCorr} (You found it on level 3 of the Lair of Beasts)
 22518 | Lair:3   | Reached skill level 25 in Polearms
 22606 | Lair:4   | Found a staircase to the Swamp.
 23322 | Lair:5   | Noticed Kirke
 23326 | Lair:5   | Killed Kirke
 23326 | Lair:5   | Received a gift from Okawaru
 23338 | Lair:5   | Identified a scroll of acquirement
 23468 | Lair:5   | Found a staircase to the Slime Pits.
 24237 | Lair:6   | Entered Level 6 of the Lair of Beasts
 24349 | Lair:6   | Reached skill level 26 in Polearms
 24521 | Lair:6   | Reached XP level 16. HP: 95/109 MP: 21/24
 24526 | Lair:6   | Received a gift from Okawaru
 25321 | Lair:6   | Learned a level 3 spell: Ozocubu's Armour
 25623 | Orc:1    | Entered Level 1 of the Orcish Mines
 25623 | Orc:1    | Found a roughly hewn altar of Beogh.
 25885 | Orc:2    | Entered Level 2 of the Orcish Mines
 25941 | Orc:2    | Found Cegumoyg's Magic Scroll Boutique.
 25953 | Orc:2    | Bought a scroll of enchant weapon for 82 gold pieces
 25953 | Orc:2    | Bought a scroll of enchant weapon for 82 gold pieces
 25953 | Orc:2    | Bought a scroll of acquirement for 572 gold pieces
 25964 | Orc:2    | Got a faintly glowing bardiche
 25965 | Orc:2    | Identified the +1 bardiche of Springtime {antimagic, rN++} (You acquired it on level 2 of the Orcish Mines)
 26023 | Orc:2    | Found a staircase to the Elven Halls.
 26061 | Orc:2    | Reached skill level 1 in Ice Magic
 26561 | Orc:2    | Received a gift from Okawaru
 26716 | Orc:2    | Found Urhevye's Gadget Emporium.
 26716 | Orc:2    | Found Xobb's Distillery.
 26720 | Orc:2    | Found Jolyps's Magic Scroll Shop.
 26720 | Orc:2    | Found Xahek's General Store.
 26731 | Orc:2    | Bought a potion of curing for 51 gold pieces
 26731 | Orc:2    | Bought a potion of heal wounds for 85 gold pieces
 26731 | Orc:2    | Bought a potion of heal wounds for 85 gold pieces
 26784 | Orc:2    | Found a roughly hewn altar of Beogh.
 27316 | Snake:1  | Entered Level 1 of the Snake Pit
 27327 | Snake:1  | Noticed Donald
 27359 | Snake:1  | Shot with a bolt by a naga sharpshooter

Skill      XL: |  1  2  3  4  5  6  7  8  9 10 11 12 13 14 15 16 |
---------------+-------------------------------------------------+-----
Polearms       | 4 15 16 20 23 26 | 26.3
Dodging        | 3 12 13 | 13.7
Armour         | 1 2 |  2.8
Charms         | 5 6 8 9 |  9.5
Spellcasting   | 4 5 7 |  7.4
Fighting       | 3 4 5 7 10 11 | 11.7
Hexes          | 1 2 |  2.8
Ice Magic      | 1 |  1.3
Stealth        | |  0.8
Necromancy     | |  0.2

Action                   |  1- 3 |  4- 6 |  7- 9 | 10-12 | 13-15 | 16-18 || total
-------------------------+-------+-------+-------+-------+-------+-------++-------
Melee: Spear             |   156 |    60 |   843 |   319 |       |       ||  1378
       Tailslap          |       |       |    12 |    19 |     1 |     1 ||    33
       Halberd           |       |       |       |   361 |       |       ||   361
       Punch             |       |       |       |     1 |       |       ||     1
       Glaive            |       |       |       |   348 |       |       ||   348
       Bardiche          |       |       |       |    15 |   581 |   252 ||   848
 Cast: Infusion          |    10 |     5 |    28 |    33 |    25 |    13 ||   114
       Song of Slaying   |       |       |    20 |    16 |    17 |     9 ||    62
       Regeneration      |       |       |     2 |       |     1 |     4 ||     7
       Spectral Weapon   |       |       |       |    25 |    16 |     6 ||    47
       Shroud of Golubri |       |       |       |       |     3 |     4 ||     7
       Corpse Rot        |       |       |       |       |     1 |     1 ||     2
       Ozocubu's Armour  |       |       |       |       |       |     4 ||     4
Invok: Heroism           |       |       |       |     1 |       |     1 ||     2
Evoke: Wand              |       |       |       |       |     1 |       ||     1
  Use: Potion            |       |     2 |     4 |     9 |     4 |     2 ||    21
       Scroll            |       |       |    10 |    18 |    10 |     6 ||    44
 Stab: Sleeping          |     1 |     2 |     4 |     4 |     8 |     4 ||    23
       Paralysed         |       |       |     2 |       |       |       ||     2
       Invisible         |       |       |     1 |       |       |       ||     1
       Distracted        |       |       |       |     6 |     4 |     4 ||    14
  Eat: Chunk             |     2 |     2 |    13 |    38 |    16 |     9 ||    80
       Bread ration      |       |       |     3 |       |       |       ||     3
       Meat ration       |       |       |       |       |       |     1 ||     1
Armor: Leather armour    |    35 |     9 |    48 |    93 |     6 |       ||   191
       Skin              |       |       |    27 |     6 |       |       ||    33
       Chain mail        |       |       |       |    30 |       |       ||    30
       Troll leather arm |       |       |       |       |    69 |    22 ||    91
Dodge: Dodged            |   125 |    33 |   379 |   641 |   427 |   128 ||  1733
Block: Other             |       |       |       |       |       |    11 ||    11
